TOP OF THE 1ST |
Oakland (AZL) Athletics batting - Pitching for San Francisco (AZL) Giants : LHP Rafael Garibay
|
Pitching: LHP Rafael Garibay
|
|
Batting: RHB Casey Martin
|
0-0: Ball 1-0: Ball 2-0: Foul Ball, location: 2F 2-1: Fly out, F8 (Flyball, 8RD, EV 88.1 MPH)
|
Batting: RHB Mike Steinman
|
0-0: Ball 1-0: Called Strike 1-1: Ball 2-1: Swinging Strike 2-2: Strikes out swinging
|
Batting: RHB Juan Vargas
|
0-0: Ball 1-0: Foul Ball, location: 9LMF 1-1: Ground out 6-3 (Groundball, 6, EV 106.3 MPH)
|
Top of the 1st over - 0 runs, 0 hits, 0 errors, 0 left on base; Oakland (AZL) 0 - San Francisco (AZL) 0 |
BOTTOM OF THE 1ST |
San Francisco (AZL) Giants batting - Pitching for Oakland (AZL) Athletics : RHP Bruce Caruso
|
Pitching: RHP Bruce Caruso
|
|
Batting: LHB Juan Moran
|
0-0: Swinging Strike 0-1: Called Strike 0-2: Strikes out swinging
|
Batting: RHB Sam Scheurer
|
0-0: SINGLE (Groundball, 34D, EV 108.8 MPH)
|
Batting: RHB Garrett Gallimore
|
0-0: Foul Ball, location: 2F 0-1: Ball 1-1: Called Strike 1-2: Ball 2-2: Ball 3-2: Base on Balls Sam Scheurer to second
|
Batting: SHB Ed Garza
|
0-0: Foul Ball, location: 3F 0-1: Foul Ball, location: 3DF 0-2: Strikes out looking
|
Batting: RHB Pat Condict
|
0-0: Ball 1-0: Ball 2-0: Called Strike 2-1: Ball 3-1: Foul Ball, location: 5FF 3-2: Strikes out swinging
|
Bottom of the 1st over - 0 runs, 1 hit, 0 errors, 2 left on base; Oakland (AZL) 0 - San Francisco (AZL) 0 |
TOP OF THE 2ND |
Oakland (AZL) Athletics batting - Pitching for San Francisco (AZL) Giants : LHP Rafael Garibay
|
Batting: SHB Bill Oien
|
0-0: Called Strike 0-1: Foul Ball, location: 2F 0-2: Ball 1-2: Strikes out swinging
|
Batting: RHB Jouni Ahtisaari
|
0-0: Ground out U3 (Groundball, 23, EV 83.8 MPH)
|
Batting: SHB Rico de la Rosa
|
0-0: Ball 1-0: Swinging Strike 1-1: Called Strike 1-2: Strikes out looking
|
Top of the 2nd over - 0 runs, 0 hits, 0 errors, 0 left on base; Oakland (AZL) 0 - San Francisco (AZL) 0 |
BOTTOM OF THE 2ND |
San Francisco (AZL) Giants batting - Pitching for Oakland (AZL) Athletics : RHP Bruce Caruso
|
Batting: LHB Roger Allen
|
0-0: Swinging Strike 0-1: Fly out, F4 (Popup, 23, EV 90.6 MPH)
|
Batting: RHB Justin Graham
|
0-0: SINGLE (Line Drive, 7S, EV 92.5 MPH)
|
Batting: RHB Nestor Sanchez
|
0-0: Ball 1-0: Ball 2-0: Called Strike 2-1: Bunted foul 2-2: Fly out, F6 (Popup, 4MD, EV 37.5 MPH)
|
Batting: RHB Willie Chavana
|
0-0: Called Strike 0-1: Foul Ball, location: 2F 0-2: Ball 1-2: Strikes out swinging
|
Bottom of the 2nd over - 0 runs, 1 hit, 0 errors, 1 left on base; Oakland (AZL) 0 - San Francisco (AZL) 0 |
TOP OF THE 3RD |
Oakland (AZL) Athletics batting - Pitching for San Francisco (AZL) Giants : LHP Rafael Garibay
|
Batting: RHB Manny Montolio
|
0-0: Ball 1-0: Ball 2-0: Called Strike 2-1: Ball 3-1: DOUBLE (Flyball, 89D, EV 100.0 MPH)
|
Batting: RHB Raul Medina
|
0-0: Ball 1-0: Foul Ball, location: 9LSF 1-1: SINGLE (Groundball, 56, EV 108.8 MPH) Manny Montolio to third
|
Batting: RHB Kyle Owens
|
0-0: Ball 1-0: Foul Ball, location: 2F 1-1: Swinging Strike 1-2: Fly out, F8 (Flyball, 8RXD, EV 98.1 MPH) Runner from 3rd tags up, SCORES, no throw by CF
|
Batting: RHB Casey Martin
|
0-0: Called Strike 0-1: Foul Ball, location: 7LSFF 0-2: Fly out, F5 (Popup, 56S, EV 81.3 MPH)
|
Batting: RHB Mike Steinman
|
0-0: Called Strike 0-1: Foul Ball, location: 3FF 0-2: Ball 1-2: Foul Ball, location: 9LMF 1-2: Fly out, F7 (Flyball, 78M, EV 91.9 MPH)
|
Top of the 3rd over - 1 run, 2 hits, 0 errors, 1 left on base; Oakland (AZL) 1 - San Francisco (AZL) 0 |
BOTTOM OF THE 3RD |
San Francisco (AZL) Giants batting - Pitching for Oakland (AZL) Athletics : RHP Bruce Caruso
|
Batting: LHB Juan Moran
|
0-0: Called Strike 0-1: Ball 1-1: Called Strike 1-2: Ball 2-2: Ball 3-2: Base on Balls
|
Batting: RHB Sam Scheurer
|
0-0: Called Strike 0-1: Ball 1-1: Bunt - Flyout to 3S! F3
|
Batting: RHB Garrett Gallimore
|
0-0: Swinging Strike 0-1: Ball 1-1: Ground out 5-3 (Groundball, 56S, EV 65.0 MPH) Juan Moran to second
|
Batting: SHB Ed Garza
|
0-0: Swinging Strike 0-1: Ball 1-1: Foul Ball, location: 3SF 1-2: Foul Ball, location: 3FF 1-2: Ball 2-2: Strikes out swinging
|
Bottom of the 3rd over - 0 runs, 0 hits, 0 errors, 1 left on base; Oakland (AZL) 1 - San Francisco (AZL) 0 |
TOP OF THE 4TH |
Oakland (AZL) Athletics batting - Pitching for San Francisco (AZL) Giants : LHP Rafael Garibay
|
Batting: RHB Juan Vargas
|
0-0: Called Strike 0-1: Ball 1-1: SINGLE (Groundball, 56D, EV 106.3 MPH)
|
Batting: SHB Bill Oien
|
0-0: SINGLE (Groundball, 25, EV 71.9 MPH) (infield hit) Juan Vargas to second
|
Batting: RHB Jouni Ahtisaari
|
0-0: Foul Ball, location: 2F 0-1: Swinging Strike 0-2: Strikes out swinging
|
Batting: SHB Rico de la Rosa
|
0-0: Ball 1-0: Called Strike 1-1: Ball 2-1: Fly out, F8 (Flyball, 8RD, EV 108.8 MPH)
|
Batting: RHB Manny Montolio
|
0-0: Ball 1-0: Ball 2-0: Ball 3-0: Called Strike 3-1: Base on Balls Juan Vargas to third Bill Oien to second
|
Batting: RHB Raul Medina
|
0-0: Ball 1-0: Ball 2-0: Called Strike 2-1: Foul Ball, location: 2F 2-2: DOUBLE (Groundball, 5L, EV 102.5 MPH) Juan Vargas scores Bill Oien scores Manny Montolio to third
|
Batting: RHB Kyle Owens
|
0-0: SINGLE (Groundball, 6MD, EV 108.1 MPH) Manny Montolio scores Raul Medina to third
|
Batting: RHB Casey Martin
|
0-0: Called Strike 0-1: SINGLE (Line Drive, 8LS, EV 91.3 MPH) Raul Medina scores Kyle Owens to second
|
Pitching: RHP Mario Gregoretti
|
|
Batting: RHB Mike Steinman
|
0-0: Foul Ball, location: 2F 0-1: Called Strike 0-2: Ball 1-2: Foul Ball, location: 3SF 1-2: Foul Ball, location: 9LDF 1-2: Strikes out looking
|
Top of the 4th over - 4 runs, 5 hits, 0 errors, 2 left on base; Oakland (AZL) 5 - San Francisco (AZL) 0 |
BOTTOM OF THE 4TH |
San Francisco (AZL) Giants batting - Pitching for Oakland (AZL) Athletics : RHP Bruce Caruso
|
Batting: RHB Pat Condict
|
0-0: SINGLE (Groundball, 23, EV 64.4 MPH) (infield hit)
|
Batting: LHB Roger Allen
|
0-0: Swinging Strike 0-1: Ball 1-1: Foul Ball, location: 3FF 1-2: Foul Ball, location: 7LSF 1-2: Fly out, F8 (Flyball, 8LM, EV 92.5 MPH)
|
Pitching: RHP Jim Unknown
|
|
Batting: RHB Justin Graham
|
0-0: Ball 1-0: Called Strike 1-1: Called Strike 1-2: Foul Ball, location: 7LSF 1-2: Ball 2-2: Ball 3-2: Foul Ball, location: 7LMF 3-2: Base on Balls Pat Condict to second
|
Batting: RHB Nestor Sanchez
|
0-0: Foul Ball, location: 2F 0-1: Ball 1-1: Ball 2-1: Fly out, F3 (Popup, 23F, EV 81.9 MPH)
|
Batting: RHB Willie Chavana
|
0-0: Ball 1-0: Ball 2-0: Swinging Strike 2-1: Foul Ball, location: 2F 2-2: Ball 3-2: Base on Balls Pat Condict to third Justin Graham to second
|
Batting: LHB Juan Moran
|
0-0: Fly out, F8 (Flyball, 8LD, EV 80.0 MPH)
|
Bottom of the 4th over - 0 runs, 1 hit, 0 errors, 3 left on base; Oakland (AZL) 5 - San Francisco (AZL) 0 |
TOP OF THE 5TH |
Oakland (AZL) Athletics batting - Pitching for San Francisco (AZL) Giants : RHP Mario Gregoretti
|
Batting: RHB Juan Vargas
|
0-0: Called Strike 0-1: Swinging Strike 0-2: Ball 1-2: Fly out, F7 (Flyball, 78S, EV 87.5 MPH)
|
Batting: SHB Bill Oien
|
0-0: Foul Ball, location: 5SF 0-1: Foul Ball, location: 7LSF 0-2: Foul Ball, location: 5DF 0-2: Ball 1-2: Strikes out looking
|
Batting: RHB Jouni Ahtisaari
|
0-0: Called Strike 0-1: Ball 1-1: SINGLE (Line Drive, 5D, EV 103.1 MPH)
|
Batting: SHB Rico de la Rosa
|
0-0: Called Strike 0-1: Called Strike 0-2: Strikes out looking
|
Top of the 5th over - 0 runs, 1 hit, 0 errors, 1 left on base; Oakland (AZL) 5 - San Francisco (AZL) 0 |
BOTTOM OF THE 5TH |
San Francisco (AZL) Giants batting - Pitching for Oakland (AZL) Athletics : RHP Jim Unknown
|
Batting: RHB Sam Scheurer
|
0-0: Ball 1-0: Ball 2-0: Called Strike 2-1: Fly out, F6 (Popup, 15S, EV 91.3 MPH)
|
Batting: RHB Garrett Gallimore
|
0-0: Foul Ball, location: 3FF 0-1: DOUBLE (Groundball, 5L, EV 102.5 MPH)
|
Batting: SHB Ed Garza
|
0-0: Ball 1-0: Ball 2-0: SINGLE (Groundball, 6MD, EV 94.4 MPH) Garrett Gallimore to third
|
Batting: RHB Pat Condict
|
0-0: Ball 1-0: Foul Ball, location: 2RF 1-1: Ball 2-1: Foul Ball, location: 3DF 2-2: Fly out, F8 (Flyball, 8RS, EV 90.0 MPH)
|
Batting: LHB Roger Allen
|
0-0: Foul Ball, location: 5SF 0-1: Ball 1-1: Fly out, F6 (Popup, 6M, EV 63.1 MPH)
|
Bottom of the 5th over - 0 runs, 2 hits, 0 errors, 2 left on base; Oakland (AZL) 5 - San Francisco (AZL) 0 |
TOP OF THE 6TH |
Oakland (AZL) Athletics batting - Pitching for San Francisco (AZL) Giants : RHP Mario Gregoretti
|
Batting: RHB Manny Montolio
|
0-0: Ball 1-0: Ground out 4-3 (Groundball, 4S, EV 68.8 MPH)
|
Batting: RHB Raul Medina
|
0-0: SINGLE (Groundball, 34D, EV 97.5 MPH)
|
Batting: RHB Kyle Owens
|
0-0: Ball 1-0: Called Strike 1-1: Swinging Strike 1-2: Foul Ball, location: 2F 1-2: Ball 2-2: Strikes out looking
|
Batting: RHB Casey Martin
|
0-0: Ball 1-0: Foul Ball, location: 2RF 1-1: DOUBLE (Flyball, 89D, EV 95.6 MPH) Raul Medina to third
|
Batting: RHB Mike Steinman
|
0-0: Ball 1-0: Called Strike 1-1: Ball 2-1: Ground out 2-3 (Groundball, 15S, EV 72.5 MPH)
|
Top of the 6th over - 0 runs, 2 hits, 0 errors, 2 left on base; Oakland (AZL) 5 - San Francisco (AZL) 0 |
BOTTOM OF THE 6TH |
San Francisco (AZL) Giants batting - Pitching for Oakland (AZL) Athletics : RHP Jim Unknown
|
Batting: RHB Justin Graham
|
0-0: Ball 1-0: Called Strike 1-1: Ball 2-1: Called Strike 2-2: Foul Ball, location: 7LMF 2-2: Strikes out looking and he ARGUES THE CALL AND IS TOSSED!
|
Batting: RHB Nestor Sanchez
|
0-0: Ball 1-0: Ball 2-0: Called Strike 2-1: Swinging Strike 2-2: Strikes out swinging
|
Batting: RHB Willie Chavana
|
0-0: Fly out, F8 (Flyball, 8RM, EV 85.6 MPH)
|
Bottom of the 6th over - 0 runs, 0 hits, 0 errors, 0 left on base; Oakland (AZL) 5 - San Francisco (AZL) 0 |
TOP OF THE 7TH |
Oakland (AZL) Athletics batting - Pitching for San Francisco (AZL) Giants : RHP Mario Gregoretti
|
Now at 1B: Gavin Wenk
|
|
Batting: RHB Juan Vargas
|
0-0: Ball 1-0: Ball 2-0: Ball 3-0: Base on Balls
|
Pitching: LHP Yoelbi Espero
|
|
Batting: SHB Bill Oien
|
0-0: SINGLE (Line Drive, 8RS, EV 106.3 MPH) Juan Vargas to second
|
Batting: RHB Jouni Ahtisaari
|
0-0: Ball 1-0: Swinging Strike 1-1: Foul Ball, location: 23FF 1-2: Foul Ball, location: 5FF 1-2: Foul Ball, location: 3F 1-2: Foul Ball, location: 3SF 1-2: Strikes out swinging
|
Batting: SHB Rico de la Rosa
|
0-0: Ball 1-0: Called Strike 1-1: Foul Ball, location: 7LDF 1-2: Ball 2-2: Ball 3-2: Base on Balls Juan Vargas to third Bill Oien to second
|
Batting: RHB Manny Montolio
|
0-0: Swinging Strike 0-1: Foul Ball, location: 3F 0-2: Strikes out swinging
|
Batting: RHB Raul Medina
|
0-0: Fielders Choice at 3rd, U5 (Groundball, 5, EV 82.5 MPH)
|
Top of the 7th over - 0 runs, 1 hit, 0 errors, 2 left on base; Oakland (AZL) 5 - San Francisco (AZL) 0 |
BOTTOM OF THE 7TH |
San Francisco (AZL) Giants batting - Pitching for Oakland (AZL) Athletics : RHP Jim Unknown
|
Pitching: RHP Jim Unknown
|
|
Batting: LHB Juan Moran
|
0-0: Foul Ball, location: 25FF 0-1: SINGLE (Groundball, 6MD, EV 109.4 MPH)
|
Batting: RHB Sam Scheurer
|
0-0: Swinging Strike 0-1: Swinging Strike 0-2: Ball 1-2: Strikes out swinging
|
Batting: RHB Garrett Gallimore
|
0-0: Swinging Strike 0-1: Called Strike 0-2: SINGLE (Line Drive, 8RS, EV 110.0 MPH) Juan Moran to second
|
Batting: SHB Ed Garza
|
0-0: Called Strike 0-1: SINGLE (Groundball, 34D, EV 97.5 MPH) Juan Moran to third Garrett Gallimore to second Runner from 3rd tries for Home, SAFE, throw by RF to trailing runner, OUT at third! 9-3-5
|
Batting: RHB Pat Condict
|
0-0: Foul Ball, location: 9LSF 0-1: Swinging Strike 0-2: Fly out, F9 (Flyball, 89S, EV 87.5 MPH)
|
Bottom of the 7th over - 1 run, 3 hits, 0 errors, 1 left on base; Oakland (AZL) 5 - San Francisco (AZL) 1 |
TOP OF THE 8TH |
Oakland (AZL) Athletics batting - Pitching for San Francisco (AZL) Giants : LHP Yoelbi Espero
|
Pitching: RHP Nick Robbins
|
|
Batting: RHB Kyle Owens
|
0-0: Ball 1-0: Called Strike 1-1: Ball 2-1: Foul Ball, location: 2F 2-2: Strikes out swinging
|
Batting: RHB Casey Martin
|
0-0: Called Strike 0-1: Ball 1-1: Ball 2-1: Foul Ball, location: 5FF 2-2: Strikes out swinging
|
Batting: RHB Mike Steinman
|
0-0: Ball 1-0: Ground out 6-3 (Groundball, 6, EV 105.6 MPH)
|
Top of the 8th over - 0 runs, 0 hits, 0 errors, 0 left on base; Oakland (AZL) 5 - San Francisco (AZL) 1 |
BOTTOM OF THE 8TH |
San Francisco (AZL) Giants batting - Pitching for Oakland (AZL) Athletics : RHP Jim Unknown
|
Batting: LHB Roger Allen
|
0-0: Fly out, F6 (Flyball, 56D, EV 94.4 MPH)
|
Batting: RHB Gavin Wenk
|
0-0: Called Strike 0-1: Ball 1-1: Foul Ball, location: 5F 1-2: Strikes out swinging
|
Batting: RHB Nestor Sanchez
|
0-0: Called Strike 0-1: Ball 1-1: Foul Ball, location: 2F 1-2: SINGLE (Line Drive, 8LS, EV 96.9 MPH)
|
Pinch Hitting: RHB Javier Chabolla
|
0-0: Foul Ball, location: 9LSF 0-1: Ball 1-1: Ball 2-1: Swinging Strike 2-2: Foul Ball, location: 9LMF 2-2: Ball 3-2: Foul Ball, location: 9LSF 3-2: Foul Ball, location: 2RF 3-2: Foul Ball, location: 5FF 3-2: Base on Balls Nestor Sanchez to second
|
Batting: LHB Juan Moran
|
0-0: Called Strike 0-1: Ball 1-1: SINGLE (Groundball, 5S, EV 68.8 MPH) (infield hit) Nestor Sanchez to third Javier Chabolla to second
|
Batting: RHB Sam Scheurer
|
0-0: Foul Ball, location: 3SF 0-1: Swinging Strike 0-2: Ball 1-2: Foul Ball, location: 9LSF 1-2: Ball 2-2: Strikes out swinging
|
Bottom of the 8th over - 0 runs, 2 hits, 0 errors, 3 left on base; Oakland (AZL) 5 - San Francisco (AZL) 1 |
TOP OF THE 9TH |
Oakland (AZL) Athletics batting - Pitching for San Francisco (AZL) Giants : RHP Nick Robbins
|
Now at 2B: Omar Faz
|
|
Batting: RHB Juan Vargas
|
0-0: Ground out 6-3 (Groundball, 6, EV 102.5 MPH)
|
Batting: SHB Bill Oien
|
0-0: Called Strike 0-1: Fly out, F6 (Popup, 6MS, EV 63.8 MPH)
|
Batting: RHB Jouni Ahtisaari
|
0-0: Called Strike 0-1: Ball 1-1: Ball 2-1: TRIPLE (Flyball, 8LXD, EV 93.8 MPH)
|
Batting: SHB Rico de la Rosa
|
0-0: SINGLE (Line Drive, 7LS, EV 96.3 MPH) Jouni Ahtisaari scores
|
Batting: RHB Manny Montolio
|
0-0: Ball 1-0: Called Strike 1-1: SINGLE (Line Drive, 7S, EV 100.6 MPH) Rico de la Rosa to second
|
Batting: RHB Raul Medina
|
0-0: Ball 1-0: Ball 2-0: Called Strike 2-1: Called Strike 2-2: Strikes out swinging
|
Top of the 9th over - 1 run, 3 hits, 0 errors, 2 left on base; Oakland (AZL) 6 - San Francisco (AZL) 1 |
BOTTOM OF THE 9TH |
San Francisco (AZL) Giants batting - Pitching for Oakland (AZL) Athletics : RHP Jim Unknown
|
Pitching: RHP Jim Unknown
|
|
Batting: RHB Garrett Gallimore
|
0-0: Fly out, F8 (Flyball, 8LXD, EV 89.4 MPH)
|
Batting: SHB Ed Garza
|
0-0: Fly out, F9 (Flyball, 9LS, EV 90.0 MPH)
|
Batting: RHB Pat Condict
|
0-0: Fly out, F7 (Line Drive, 7LS, EV 98.8 MPH)
|
Bottom of the 9th over - 0 runs, 0 hits, 0 errors, 0 left on base; Oakland (AZL) 6 - San Francisco (AZL) 1 |
|